TOP OF THE 1ST |
New York Yankees batting - Pitching for Montreal Expos : RHP Cheng-ho Hsu
|
Pitching: RHP Cheng-ho Hsu
|
|
Batting: RHB Russ Shambaugh
|
0-0: Called Strike 0-1: Ball 1-1: Ball 2-1: Foul Ball, location: 2F 2-2: Strikes out swinging
|
Batting: RHB Jeckel Hester
|
0-0: Ball 1-0: Foul Ball, location: 2F 1-1: Ball 2-1: SINGLE (Groundball, 6MD, EV 108.8 MPH)
|
Batting: SHB Gus Berry
|
0-0: Called Strike 0-1: Foul Ball, location: 2F 0-2: Foul Ball, location: 2F 0-2: Foul Ball, location: 2F 0-2: Foul Ball, location: 2F 0-2: Ball 1-2: Foul Ball, location: 2F 1-2: Ball 2-2: Fly out, F6 (Popup, P, EV 85.0 MPH)
|
Batting: SHB Mukhtar Wa'il
|
0-0: Called Strike 0-1: Ball 1-1: TRIPLE (Flyball, 8RXD, EV 112.5 MPH) Jeckel Hester scores
|
Batting: RHB Shiro Suehiro
|
0-0: Ball 1-0: Foul Ball, location: 2F 1-1: Called Strike 1-2: Ball 2-2: Ball 3-2: Foul Ball, location: 2F 3-2: 2-RUN HOME RUN (Flyball, 9D, EV 96.9 MPH), Distance : 356 ft
|
Batting: RHB Larry Martell
|
0-0: Called Strike 0-1: Ball 1-1: Ball 2-1: Swinging Strike 2-2: Ball 3-2: Base on Balls
|
Batting: LHB Joel Vera
|
0-0: SINGLE (Flyball, 7LS, EV 90.0 MPH) Larry Martell to second Runner from 2nd tries for 3rd, OUT! 7-5
|
Top of the 1st over - 3 runs, 4 hits, 0 errors, 1 left on base; New York 3 - Montreal 0 |
BOTTOM OF THE 1ST |
Montreal Expos batting - Pitching for New York Yankees : RHP Bret Davies
|
Pitching: RHP Bret Davies
|
|
Batting: LHB Bill McGregor
|
0-0: Called Strike 0-1: Ball 1-1: Ball 2-1: Foul Ball, location: 2F 2-2: Hit by Pitch
|
Batting: RHB Steve French
|
0-0: Ball 1-0: Called Strike Bill McGregor steals 2nd base 1-1: Ball 2-1: Called Strike 2-2: Ball 3-2: SINGLE (Groundball, 15S, EV 69.4 MPH) (infield hit) Bill McGregor to third
|
Batting: SHB Joey Pacheco
|
0-0: Foul Ball, location: 2F 0-1: Called Strike 0-2: Strikes out looking
|
Batting: LHB Austin Ohmer
|
0-0: Called Strike 0-1: Called Strike 0-2: Fly out, F7 (Flyball, 78S, EV 85.0 MPH)
|
Batting: LHB Steve Anderson
|
0-0: Foul Ball, location: 2F 0-1: Foul Ball, location: 2F 0-2: Foul Ball, location: 2F 0-2: Strikes out swinging
|
Bottom of the 1st over - 0 runs, 1 hit, 0 errors, 2 left on base; New York 3 - Montreal 0 |
TOP OF THE 2ND |
New York Yankees batting - Pitching for Montreal Expos : RHP Cheng-ho Hsu
|
Batting: RHB Ryan Neal
|
0-0: Ball 1-0: Ball 2-0: Fly out, F9 (Line Drive, 9, EV 93.8 MPH)
|
Batting: LHB Dan Morris
|
0-0: Called Strike 0-1: Ball 1-1: Ground out 4-3 (Groundball, 4M, EV 91.2 MPH)
|
Batting: RHB Russ Shambaugh
|
0-0: Ball 1-0: Foul Ball, location: 2F 1-1: Foul Ball, location: 2F 1-2: Ball 2-2: Ground out 5-3 (Groundball, 56, EV 83.8 MPH)
|
Top of the 2nd over - 0 runs, 0 hits, 0 errors, 0 left on base; New York 3 - Montreal 0 |
BOTTOM OF THE 2ND |
Montreal Expos batting - Pitching for New York Yankees : RHP Bret Davies
|
Batting: RHB Jonathan Fraire
|
0-0: Fly out, F8 (Flyball, 8RD, EV 83.1 MPH)
|
Batting: LHB Mark Marvin
|
0-0: Foul Ball, location: 2F 0-1: Swinging Strike 0-2: Strikes out swinging
|
Batting: SHB Lou Kroneman
|
0-0: Foul Ball, location: 2F 0-1: Ball 1-1: DOUBLE (Groundball, 3L, EV 105.0 MPH)
|
Batting: RHB Eugênio Asceno
|
0-0: Called Strike 0-1: Foul Ball, location: 2F 0-2: Ball 1-2: Strikes out looking
|
Bottom of the 2nd over - 0 runs, 1 hit, 0 errors, 1 left on base; New York 3 - Montreal 0 |
TOP OF THE 3RD |
New York Yankees batting - Pitching for Montreal Expos : RHP Cheng-ho Hsu
|
Batting: RHB Jeckel Hester
|
0-0: Fly out, F3 (Flyball, 3D, EV 86.2 MPH)
|
Batting: SHB Gus Berry
|
0-0: Ball 1-0: Called Strike 1-1: Swinging Strike 1-2: Strikes out swinging
|
Batting: SHB Mukhtar Wa'il
|
0-0: Ball 1-0: Called Strike 1-1: Foul Ball, location: 2F 1-2: Foul Ball, location: 2F 1-2: Ball 2-2: SINGLE (Groundball, 4D, EV 104.4 MPH)
|
Batting: RHB Shiro Suehiro
|
0-0: Called Strike 0-1: Ball 1-1: Ground out U3 (Groundball, 34D, EV 79.4 MPH)
|
Top of the 3rd over - 0 runs, 1 hit, 0 errors, 1 left on base; New York 3 - Montreal 0 |
BOTTOM OF THE 3RD |
Montreal Expos batting - Pitching for New York Yankees : RHP Bret Davies
|
Batting: LHB Bill McGregor
|
0-0: Ball 1-0: Swinging Strike 1-1: Fly out, F9 (Flyball, 89M, EV 86.9 MPH)
|
Batting: RHB Steve French
|
0-0: Ball 1-0: Ball 2-0: Fly out, F7 (Line Drive, 7S, EV 89.4 MPH)
|
Batting: SHB Joey Pacheco
|
0-0: Ball 1-0: Ball 2-0: Ball 3-0: Called Strike 3-1: SINGLE (Line Drive, 3D, EV 103.1 MPH)
|
Batting: LHB Austin Ohmer
|
0-0: Ball 1-0: Called Strike Joey Pacheco steals 2nd base 1-1: Called Strike 1-2: Ball 2-2: Ball 3-2: Base on Balls
|
Batting: LHB Steve Anderson
|
0-0: Swinging Strike 0-1: Foul Ball, location: 2F 0-2: Foul Ball, location: 2F 0-2: 3-RUN HOME RUN (Flyball, 9D, EV 94.4 MPH), Distance : 362 ft
|
Batting: RHB Jonathan Fraire
|
0-0: Called Strike 0-1: Foul Ball, location: 2F 0-2: Ball 1-2: Ball 2-2: Strikes out looking
|
Bottom of the 3rd over - 3 runs, 2 hits, 0 errors, 0 left on base; New York 3 - Montreal 3 |
TOP OF THE 4TH |
New York Yankees batting - Pitching for Montreal Expos : RHP Cheng-ho Hsu
|
Batting: RHB Larry Martell
|
0-0: Ball 1-0: Swinging Strike 1-1: Ball 2-1: SINGLE (Line Drive, 9S, EV 93.8 MPH)
|
Batting: LHB Joel Vera
|
0-0: Fielders Choice at 2nd, 4-6 (Groundball, 4M, EV 85.6 MPH)
|
Batting: RHB Ryan Neal
|
0-0: Called Strike 0-1: Ball 1-1: DOUBLE (Flyball, 78XD, EV 96.2 MPH) Joel Vera to third Runner from 3rd tries for Home, SAFE, no throw by CF
|
Batting: LHB Dan Morris
|
0-0: Foul Ball, location: 2F 0-1: Ball 1-1: Foul Ball, location: 2F 1-2: Ball 2-2: Foul Ball, location: 2F 2-2: Ball 3-2: Foul Ball, location: 2F 3-2: Strikes out looking
|
Batting: RHB Russ Shambaugh
|
0-0: Called Strike 0-1: Ball 1-1: Ball 2-1: Foul Ball, location: 2F 2-2: Foul Ball, location: 2F 2-2: DOUBLE (Popup, 3D, EV 53.8 MPH) Ryan Neal scores
|
Pitching: LHP Chris Ross
|
|
Batting: RHB Jeckel Hester
|
0-0: Foul Ball, location: 2F 0-1: Ball 1-1: Foul Ball, location: 2F 1-2: Fly out, F9 (Flyball, 89M, EV 83.8 MPH)
|
Top of the 4th over - 2 runs, 3 hits, 0 errors, 1 left on base; New York 5 - Montreal 3 |
BOTTOM OF THE 4TH |
Montreal Expos batting - Pitching for New York Yankees : RHP Bret Davies
|
Batting: LHB Mark Marvin
|
0-0: Called Strike 0-1: Ball 1-1: Ball 2-1: Ball 3-1: Base on Balls
|
Batting: SHB Lou Kroneman
|
0-0: Ball 1-0: Called Strike Pickoff Throw to First - Error! E1 Mark Marvin to second 1-1: Ground out 4-3 (Groundball, 4, EV 87.5 MPH) Mark Marvin to third
|
Batting: RHB Eugênio Asceno
|
0-0: Fly out, F7 (Flyball, 78M, EV 95.0 MPH)
|
Batting: LHB Bill McGregor
|
0-0: DOUBLE (Groundball, 5L, EV 105.0 MPH) Mark Marvin scores
|
Batting: RHB Steve French
|
0-0: Ball 1-0: Ball 2-0: Ball 3-0: Base on Balls
|
Batting: SHB Joey Pacheco
|
0-0: Foul Ball, location: 2F 0-1: Foul Ball, location: 2F 0-2: SINGLE (Groundball, 34D, EV 103.8 MPH) Bill McGregor to third Steve French to second Runner from 3rd tries for Home, SAFE, throw by RF to home Steve French to third Joey Pacheco to second
|
Pitching: RHP Chris McCoy
|
|
Batting: LHB Austin Ohmer
|
0-0: Ball 1-0: Ball 2-0: Called Strike 2-1: Fly out, F8 (Flyball, 8RXD, EV 108.1 MPH)
|
Bottom of the 4th over - 2 runs, 2 hits, 1 error, 2 left on base; New York 5 - Montreal 5 |
TOP OF THE 5TH |
New York Yankees batting - Pitching for Montreal Expos : LHP Chris Ross
|
Batting: SHB Gus Berry
|
0-0: Foul Ball, location: 2F 0-1: Foul Ball, location: 2F 0-2: Strikes out swinging
|
Batting: SHB Mukhtar Wa'il
|
0-0: Ball 1-0: Swinging Strike 1-1: Ground out 4-3 (Groundball, 4MD, EV 77.5 MPH)
|
Batting: RHB Shiro Suehiro
|
0-0: Called Strike 0-1: Ball 1-1: Ball 2-1: Ball 3-1: Foul Ball, location: 2F 3-2: Strikes out swinging
|
Top of the 5th over - 0 runs, 0 hits, 0 errors, 0 left on base; New York 5 - Montreal 5 |
BOTTOM OF THE 5TH |
Montreal Expos batting - Pitching for New York Yankees : RHP Chris McCoy
|
Batting: LHB Steve Anderson
|
0-0: Ball 1-0: Foul Ball, location: 2F 1-1: Called Strike 1-2: Reached via error on a dropped throw from SS, E3 (Groundball, 6D, EV 78.1 MPH)
|
Batting: RHB Jonathan Fraire
|
0-0: Called Strike 0-1: Swinging Strike 0-2: Foul Ball, location: 2F 0-2: Strikes out swinging
|
Batting: LHB Mark Marvin
|
0-0: Fielders Choice at 2nd, 3-6 (Groundball, 3, EV 81.9 MPH)
|
Batting: SHB Lou Kroneman
|
0-0: Called Strike 0-1: Foul Ball, location: 2F 0-2: Strikes out swinging
|
Bottom of the 5th over - 0 runs, 0 hits, 1 error, 1 left on base; New York 5 - Montreal 5 |
TOP OF THE 6TH |
New York Yankees batting - Pitching for Montreal Expos : LHP Chris Ross
|
Batting: RHB Larry Martell
|
0-0: Foul Ball, location: 2F 0-1: Swinging Strike 0-2: SINGLE (Groundball, 6MD, EV 110.0 MPH)
|
Batting: LHB Joel Vera
|
0-0: Called Strike 0-1: Fly out, F8 (Flyball, 8LM, EV 84.4 MPH)
|
Batting: RHB Ryan Neal
|
0-0: Ball 1-0: Ball 2-0: Called Strike 2-1: Called Strike 2-2: Ball 3-2: Strikes out swinging
|
Batting: LHB Dan Morris
|
0-0: Foul Ball, location: 2F 0-1: Foul Ball, location: 2F 0-2: Foul Ball, location: 2F 0-2: Ball 1-2: Ball 2-2: Strikes out swinging
|
Top of the 6th over - 0 runs, 1 hit, 0 errors, 1 left on base; New York 5 - Montreal 5 |
BOTTOM OF THE 6TH |
Montreal Expos batting - Pitching for New York Yankees : RHP Chris McCoy
|
Batting: RHB Eugênio Asceno
|
0-0: Swinging Strike 0-1: Called Strike 0-2: Fly out, F3 (Popup, 34, EV 70.0 MPH)
|
Batting: LHB Bill McGregor
|
0-0: Called Strike 0-1: Ball 1-1: Called Strike 1-2: Strikes out swinging
|
Batting: RHB Steve French
|
0-0: Ball 1-0: Ball 2-0: Ball 3-0: Base on Balls
|
Batting: SHB Joey Pacheco
|
0-0: Foul Ball, location: 2F 0-1: Called Strike 0-2: Foul Ball, location: 2F 0-2: Hit by Pitch Steve French to second
|
Batting: LHB Austin Ohmer
|
0-0: Ground out U3 (Groundball, 3S, EV 75.6 MPH)
|
Bottom of the 6th over - 0 runs, 0 hits, 0 errors, 2 left on base; New York 5 - Montreal 5 |
TOP OF THE 7TH |
New York Yankees batting - Pitching for Montreal Expos : LHP Chris Ross
|
Pitching: RHP Joel Montenegro
|
|
Batting: RHB Russ Shambaugh
|
0-0: Called Strike 0-1: Ball 1-1: Ball 2-1: SINGLE (Groundball, 6D, EV 103.8 MPH)
|
Batting: RHB Jeckel Hester
|
0-0: Ball 1-0: Called Strike 1-1: Ball 2-1: Foul Ball, location: 2F 2-2: 2-RUN HOME RUN (Flyball, 78XD, EV 105.6 MPH), Distance : 411 ft
|
Batting: SHB Gus Berry
|
0-0: SINGLE (Groundball, 34D, EV 109.4 MPH)
|
Batting: SHB Mukhtar Wa'il
|
0-0: Ball 1-0: Ball 2-0: Called Strike 2-1: Called Strike 2-2: Foul Ball, location: 2F 2-2: Foul Ball, location: 2F 2-2: Ball 3-2: Strikes out looking
|
Batting: RHB Shiro Suehiro
|
0-0: Ball 1-0: Ball 2-0: Ball 3-0: Called Strike 3-1: Base on Balls Gus Berry to second
|
Batting: RHB Larry Martell
|
0-0: Foul Ball, location: 2F 0-1: Swinging Strike 0-2: Foul Ball, location: 2F 0-2: Strikes out swinging
|
Batting: LHB Joel Vera
|
0-0: Swinging Strike 0-1: SINGLE (Flyball, 56D, EV 87.5 MPH) Gus Berry to third Shiro Suehiro to second Runner from 3rd tries for Home, SAFE, throw by LF to home
|
Batting: RHB Ryan Neal
|
0-0: SINGLE (Flyball, 4D, EV 88.1 MPH) Shiro Suehiro to third Joel Vera to second Runner from 3rd tries for Home, throw by RF and OUT! 9-2
|
Top of the 7th over - 3 runs, 5 hits, 0 errors, 2 left on base; New York 8 - Montreal 5 |
BOTTOM OF THE 7TH |
Montreal Expos batting - Pitching for New York Yankees : RHP Chris McCoy
|
Batting: LHB Steve Anderson
|
0-0: Ball 1-0: Ball 2-0: Swinging Strike 2-1: Ball 3-1: Called Strike 3-2: Foul Ball, location: 2F 3-2: Strikes out looking
|
Batting: RHB Jonathan Fraire
|
0-0: Ball 1-0: Foul Ball, location: 2F 1-1: SINGLE (Line Drive, 78S, EV 95.6 MPH)
|
Batting: LHB Mark Marvin
|
0-0: 2-RUN HOME RUN (Flyball, 7LD, EV 97.5 MPH), Distance : 357 ft
|
Batting: SHB Lou Kroneman
|
0-0: Ball 1-0: Foul Ball, location: 2F 1-1: Ball 2-1: Ball 3-1: Foul Ball, location: 2F 3-2: Base on Balls
|
Batting: RHB Eugênio Asceno
|
0-0: Ball 1-0: Fly out, F8 (Flyball, 8RS, EV 94.4 MPH)
|
Batting: LHB Bill McGregor
|
0-0: Swinging Strike 0-1: Ball 1-1: Ball 2-1: Called Strike 2-2: Strikes out swinging
|
Bottom of the 7th over - 2 runs, 2 hits, 0 errors, 1 left on base; New York 8 - Montreal 7 |
TOP OF THE 8TH |
New York Yankees batting - Pitching for Montreal Expos : RHP Joel Montenegro
|
Pitching: RHP Nelson Dawson
|
|
Batting: LHB Dan Morris
|
0-0: Foul Ball, location: 2F 0-1: Foul Ball, location: 2F 0-2: Ball 1-2: Ball 2-2: Ball 3-2: Strikes out swinging
|
Batting: RHB Russ Shambaugh
|
0-0: Called Strike 0-1: Called Strike 0-2: SINGLE (Groundball, 5L, EV 96.9 MPH)
|
Batting: RHB Jeckel Hester
|
0-0: Ball 1-0: Ball 2-0: Called Strike 2-1: Ball 3-1: Called Strike Russ Shambaugh steals 2nd base 3-2: Foul Ball, location: 2F 3-2: Strikes out swinging
|
Batting: SHB Gus Berry
|
0-0: Foul Ball, location: 2F 0-1: Ball 1-1: Ball 2-1: SINGLE (Groundball, 3D, EV 101.2 MPH) Russ Shambaugh to third Runner from 3rd tries for Home, SAFE, throw by RF to home
|
Batting: SHB Mukhtar Wa'il
|
0-0: Called Strike 0-1: Swinging Strike 0-2: Foul Ball, location: 2F 0-2: Strikes out swinging
|
Top of the 8th over - 1 run, 2 hits, 0 errors, 1 left on base; New York 9 - Montreal 7 |
BOTTOM OF THE 8TH |
Montreal Expos batting - Pitching for New York Yankees : RHP Chris McCoy
|
Pitching: LHP Julio Gonzalez
|
|
Batting: RHB Steve French
|
0-0: Foul Ball, location: 2F 0-1: Ball 1-1: Called Strike 1-2: Ball 2-2: Foul Ball, location: 2F 2-2: Foul Ball, location: 2F 2-2: DOUBLE (Line Drive, 3D, EV 108.8 MPH)
|
Batting: SHB Joey Pacheco
|
0-0: Ball 1-0: Foul Ball, location: 2F 1-1: 2-RUN HOME RUN (Flyball, 7LD, EV 95.6 MPH), Distance : 362 ft
|
Batting: LHB Austin Ohmer
|
0-0: Called Strike 0-1: Fly out, F5 (Popup, 56, EV 68.1 MPH)
|
Pinch Hitting: RHB John Ham
|
0-0: Ball 1-0: Fly out, F8 (Flyball, 89M, EV 97.5 MPH)
|
Batting: RHB Jonathan Fraire
|
0-0: Ball 1-0: Fly out, F9 (Flyball, 9LSF, EV 94.4 MPH)
|
Bottom of the 8th over - 2 runs, 2 hits, 0 errors, 0 left on base; New York 9 - Montreal 9 |
TOP OF THE 9TH |
New York Yankees batting - Pitching for Montreal Expos : RHP Nelson Dawson
|
Pitching: RHP Zack Rust
|
|
Now at 3B: Danny Diaz
|
|
Batting: RHB Shiro Suehiro
|
0-0: Ball 1-0: Swinging Strike 1-1: Ball 2-1: Ball 3-1: Swinging Strike 3-2: Base on Balls
|
Pinch Hitting: SHB Bartholomeu Chambino
|
0-0: Swinging Strike 0-1: Sac Bunt to 3S - play at first, batter OUT! 3-1 Shiro Suehiro to second
|
Batting: LHB Joel Vera
|
0-0: Intentional Walk
|
Batting: RHB Ryan Neal
|
0-0: Ball 1-0: Ball 2-0: Ball 3-0: Base on Balls Shiro Suehiro to third Joel Vera to second
|
Batting: LHB Dan Morris
|
0-0: Called Strike 0-1: Called Strike 0-2: Grounds into double play, 4-2-3 (Groundball, 4, EV 86.9 MPH)
|
Top of the 9th over - 0 runs, 0 hits, 0 errors, 2 left on base; New York 9 - Montreal 9 |
BOTTOM OF THE 9TH |
Montreal Expos batting - Pitching for New York Yankees : LHP Julio Gonzalez
|
Pitching: RHP Isaias Chavez
|
|
Now in LF: Jose Tovar
|
|
Batting: LHB Mark Marvin
|
0-0: Called Strike 0-1: Called Strike 0-2: Foul Ball, location: 2F 0-2: Strikes out swinging
|
Batting: SHB Lou Kroneman
|
0-0: Ball 1-0: Called Strike 1-1: Foul Ball, location: 2F 1-2: Ball 2-2: SINGLE (Groundball, 34D, EV 94.4 MPH)
|
Batting: RHB Eugênio Asceno
|
0-0: Foul Ball, location: 2F 0-1: Foul Ball, location: 2F 0-2: Strikes out swinging
|
Batting: LHB Bill McGregor
|
0-0: Ball 1-0: Ball 2-0: Called Strike 2-1: Fly out, F8 (Flyball, 8RD, EV 100.6 MPH)
|
Bottom of the 9th over - 0 runs, 1 hit, 0 errors, 1 left on base; New York 9 - Montreal 9 |
TOP OF THE 10TH |
New York Yankees batting - Pitching for Montreal Expos : RHP Zack Rust
|
Pitching: RHP Ben Sheets
|
|
Batting: RHB Russ Shambaugh
|
0-0: Ball 1-0: Called Strike 1-1: Called Strike 1-2: Ground out 2-3 (Groundball, 2L, EV 68.8 MPH)
|
Batting: RHB Jeckel Hester
|
0-0: Called Strike 0-1: Foul Ball, location: 2F 0-2: Ball 1-2: SINGLE (Groundball, 34D, EV 100.6 MPH)
|
Batting: SHB Gus Berry
|
0-0: Ball Jeckel Hester steals 2nd base 1-0: Called Strike 1-1: Swinging Strike 1-2: Strikes out looking
|
Batting: SHB Mukhtar Wa'il
|
0-0: Intentional Walk
|
Batting: RHB Shiro Suehiro
|
0-0: Fly out, F7 (Flyball, 7D, EV 94.4 MPH)
|
Top of the 10th over - 0 runs, 1 hit, 0 errors, 2 left on base; New York 9 - Montreal 9 |
BOTTOM OF THE 10TH |
Montreal Expos batting - Pitching for New York Yankees : RHP Isaias Chavez
|
Pitching: LHP Joel Pacheco
|
|
Batting: RHB Steve French
|
0-0: Ball 1-0: Fly out, F4 (Popup, 23, EV 91.2 MPH)
|
Batting: SHB Joey Pacheco
|
0-0: Swinging Strike 0-1: Ball 1-1: Foul Ball, location: 2F 1-2: Ball 2-2: Foul Ball, location: 2F 2-2: Ball 3-2: Strikes out swinging
|
Batting: LHB Austin Ohmer
|
0-0: Swinging Strike 0-1: Foul Ball, location: 2F 0-2: Strikes out swinging
|
Bottom of the 10th over - 0 runs, 0 hits, 0 errors, 0 left on base; New York 9 - Montreal 9 |
TOP OF THE 11TH |
New York Yankees batting - Pitching for Montreal Expos : RHP Ben Sheets
|
Batting: RHB Jose Tovar
|
0-0: Ball 1-0: Ball 2-0: Called Strike 2-1: Foul Ball, location: 2F 2-2: Foul Ball, location: 2F 2-2: Ground out 5-3 (Groundball, 5L, EV 100.0 MPH)
|
Batting: LHB Joel Vera
|
0-0: Ball 1-0: Swinging Strike 1-1: Ball 2-1: Ball 3-1: DOUBLE (Line Drive, 8LXD, EV 102.5 MPH)
|
Batting: RHB Ryan Neal
|
0-0: Called Strike 0-1: Called Strike 0-2: Strikes out swinging
|
Batting: LHB Dan Morris
|
0-0: Called Strike 0-1: Swinging Strike 0-2: Ball 1-2: Foul Ball, location: 2F 1-2: Foul Ball, location: 2F 1-2: Ball 2-2: SINGLE (Groundball, 6S, EV 70.0 MPH) (infield hit) Joel Vera to third
|
Batting: RHB Russ Shambaugh
|
0-0: Ball 1-0: Ball 2-0: Ball 3-0: Called Strike 3-1: Fielders Choice at 2nd, 5-4 (Groundball, 56, EV 86.9 MPH)
|
Top of the 11th over - 0 runs, 2 hits, 0 errors, 2 left on base; New York 9 - Montreal 9 |
BOTTOM OF THE 11TH |
Montreal Expos batting - Pitching for New York Yankees : LHP Joel Pacheco
|
Batting: RHB Danny Diaz
|
0-0: Ball 1-0: Ball 2-0: Foul Ball, location: 2F 2-1: Ground out 5-3 (Groundball, 5, EV 83.8 MPH)
|
Batting: RHB Jonathan Fraire
|
0-0: Swinging Strike 0-1: Foul Ball, location: 2F 0-2: Ball 1-2: Strikes out swinging
|
Batting: LHB Mark Marvin
|
0-0: Called Strike 0-1: Called Strike 0-2: Ground out U3 (Groundball, 3S, EV 88.8 MPH)
|
Bottom of the 11th over - 0 runs, 0 hits, 0 errors, 0 left on base; New York 9 - Montreal 9 |
TOP OF THE 12TH |
New York Yankees batting - Pitching for Montreal Expos : RHP Ben Sheets
|
Batting: RHB Jeckel Hester
|
0-0: Called Strike 0-1: SINGLE (Groundball, 34D, EV 105.0 MPH)
|
Batting: SHB Gus Berry
|
0-0: Ball 1-0: Called Strike 1-1: Fly out, F9 (Flyball, 9, EV 75.0 MPH)
|
Pitching: LHP Kyle Schlosschlonghair
|
|
Batting: SHB Mukhtar Wa'il
|
0-0: Ball 1-0: Ball 2-0: Called Strike 2-1: Fly out, F8 (Flyball, 8LXD, EV 103.1 MPH) Runner from 1st tags up, SAFE at 2nd
|
Batting: RHB Shiro Suehiro
|
0-0: Intentional Walk
|
Batting: RHB Jose Tovar
|
0-0: Swinging Strike 0-1: Foul Ball, location: 2F 0-2: Ball 1-2: Ball 2-2: Foul Ball, location: 2F 2-2: Strikes out swinging
|
Top of the 12th over - 0 runs, 1 hit, 0 errors, 2 left on base; New York 9 - Montreal 9 |
BOTTOM OF THE 12TH |
Montreal Expos batting - Pitching for New York Yankees : LHP Joel Pacheco
|
Batting: SHB Lou Kroneman
|
0-0: Swinging Strike 0-1: Ball 1-1: Fly out, F6 (Line Drive, 4M, EV 61.9 MPH)
|
Batting: RHB Eugênio Asceno
|
0-0: Ball 1-0: Called Strike 1-1: Ball 2-1: Ball 3-1: Called Strike 3-2: Base on Balls
|
Batting: LHB Bill McGregor
|
0-0: Ball 1-0: Ball 2-0: Foul Ball, location: 2F 2-1: Ball 3-1: Fly out, F7 (Flyball, 7LSF, EV 99.4 MPH)
|
Pitching: LHP Robert Cruz
|
|
Batting: RHB Steve French
|
0-0: Foul Ball, location: 2F 0-1: Ball 1-1: Ball 2-1: Fly out, F8 (Flyball, 8RXD, EV 108.1 MPH)
|
Bottom of the 12th over - 0 runs, 0 hits, 0 errors, 1 left on base; New York 9 - Montreal 9 |
TOP OF THE 13TH |
New York Yankees batting - Pitching for Montreal Expos : LHP Kyle Schlosschlonghair
|
Batting: LHB Joel Vera
|
0-0: Fly out, F7 (Flyball, 7D, EV 93.1 MPH)
|
Batting: RHB Ryan Neal
|
0-0: Called Strike 0-1: Called Strike 0-2: Strikes out looking
|
Batting: LHB Dan Morris
|
0-0: Ball 1-0: Ball 2-0: Swinging Strike 2-1: Ground out 4-3 (Groundball, 4M, EV 85.0 MPH)
|
Top of the 13th over - 0 runs, 0 hits, 0 errors, 0 left on base; New York 9 - Montreal 9 |
BOTTOM OF THE 13TH |
Montreal Expos batting - Pitching for New York Yankees : LHP Robert Cruz
|
Batting: SHB Joey Pacheco
|
0-0: Called Strike 0-1: Foul Ball, location: 2F 0-2: Ball 1-2: Foul Ball, location: 2F 1-2: SINGLE (Line Drive, 56D, EV 97.5 MPH)
|
Batting: LHB Austin Ohmer
|
0-0: Called Strike 0-1: Ball 1-1: Foul Ball, location: 2F 1-2: DOUBLE (Flyball, 8RXD, EV 99.4 MPH) Joey Pacheco to third
|
Batting: RHB Danny Diaz
|
0-0: Called Strike 0-1: Ball 1-1: Ball 2-1: SINGLE (Groundball, 34D, EV 106.9 MPH) Joey Pacheco scores
|
Bottom of the 13th over - 1 run, 3 hits, 0 errors, 2 left on base; New York 9 - Montreal 10 |
|